AoeStats
← josenunezsteam

Arena

505234965Analyzed
1v1 RM · 25d ago on Sep 8, 2026· 44m 6s· 2 players
Game mode
Random Map
Map size
Tiny (2 player)
Population
200
Speed
Normal
Resources
Standard
Victory
Conquest
Starting age
Dark Age
Ending age
Imperial Age
RankedLock teamsTeams togetherTeam positionsShared explorationLock speedFull tech treeHidden civsTurbo modeCheats
Victory
Defeat
🇩🇪 Wei · Germany
919
+16
🇪🇸 Ethiopians · Spain
918
-42
josenunezsteam
3:21 Loom
10:08 Feudal Age
10:36 Double-Bit Axe
13:15 Wheelbarrow
13:16 Horse Collar
18:36 Castle Age
20:08 Bow Saw
19:39 Crossbowman
22:27 Hand Cart
24:08 Fletching
24:18 Padded Archer Armor
27:01 Thumb Ring
30:10 Bodkin Arrow
30:32 Leather Archer Armor
31:27 Ballistics
34:24 Imperial Age
33:34 Elite Skirmisher
37:24 Chemistry
41:54 Arbalester
42:39 Bracer
43:10 Ring Archer Armor
GarlicBreath
11:27 Feudal Age
11:48 Horse Collar
11:54 Double-Bit Axe
12:07 Gold Mining
13:39 Loom
14:29 Wheelbarrow
14:55 Wheelbarrow
18:57 Castle Age
18:05 Bloodlines
20:09 Bow Saw
20:02 Heavy Plow
20:03 Light Cavalry
21:32 Scale Barding Armor
23:21 Hand Cart
24:55 Stone Mining
25:41 Gold Shaft Mining
25:18 Town Watch
31:43 Imperial Age
30:03 Husbandry
31:06 Stone Shaft Mining
31:05 Thumb Ring
31:00 Fletching
31:21 Forging
31:33 Chain Barding Armor
33:04 Bodkin Arrow
33:10 Padded Archer Armor
33:46 Iron Casting
34:35 Chemistry
33:56 Ballistics
34:45 Bracer
35:10 Conscription
35:45 Leather Archer Armor
37:42 Elite Tiger Cavalry
39:00 Parthian Tactics
39:29 Ring Archer Armor
40:34 Ming Guang Armor
41:48 Blast Furnace
Connection lost

Rejoining the realm…

Still unreachable

The connection could not be restored.

Session expired

The server has moved on; the page needs a fresh start.